 Dungeon Crawl Stone Soup version 0.18.1-48-g4cf74bf (webtiles) character file.

5580 matakusis the Summoner (level 10, -2/51 HPs)
             Began as a Deep Elf Summoner on June 26, 2016.
             Was an Elder of Sif Muna.
             Killed from afar by Malvoorn's ghost (36 damage)
             ... with a bolt of negative energy
             ... in an ice cave.
             The game lasted 01:20:03 (10056 turns).

matakusis the Summoner (Deep Elf Summoner)         Turns: 10056, Time: 01:20:04

Health: -2/51      AC: 10    Str: 12    XL:     10   Next: 44%
Magic:  24/28      EV: 17    Int: 31    God:    Sif Muna [****..]
Gold:   611        SH:  0    Dex: 25    Spells: 4 memorised, 20 levels left

rFire  + + .     SeeInvis .     J - +10 quarterstaff of the Vaults {speed, -Tele rF+ MR- Int+7}
rCold  . . .     Gourm    .     w - +1 robe {MR+}
rNeg   . . .     Faith    .     (shield currently unavailable)
rPois  .         Spirit   .     g - +0 helmet
rElec  .         Dismiss  .     (no cloak)
rCorr  .         Reflect  .     k - +2 pair of gloves
SustAt .         Harm     .     r - +0 pair of boots
MR     +....     NoTele   +     d - amulet of regeneration
Stlth  ++........               H - +5 ring of dexterity
                                L - ring of protection from fire

@: confused, mighty, agile, drained, somewhat resistant to hostile enchantments,
unstealthy
A: molten scales 1, rugged brown scales 1, blink, strong 1, MP-powered wands
a: Blink, Channel Energy, Forget Spell, Renounce Religion


You were in an ice cave.
You worshipped Sif Muna.
Sif Muna was greatly pleased with you.
You were not hungry.

You visited 3 branches of the dungeon, and saw 12 of its levels.
You also visited: Ossuary and Ice Cave.

You collected 611 gold pieces.

Inventory:

Hand Weapons
 J - the +10 quarterstaff of the Vaults (weapon) {speed, -Tele rF+ MR- Int+7}
   (You found it on level 9 of the Dungeon)

   Attacks with this weapon are significantly faster.
   It affects your intelligence (+7).
   It protects you from fire.
   It affects your resistance to hostile enchantments.
   It prevents most forms of teleportation.
 O - the +1 hand crossbow "Vimmaereu" {freeze, +Blink +Fly rC+ MR-}
   (You found it on level 9 of the Dungeon)

   It causes projectiles fired from it to freeze those they strike, causing
   extra injury to most foes and up to half again as much damage against
   particularly susceptible opponents.
   They can also slow down cold-blooded creatures.
   It protects you from cold.
   It affects your resistance to hostile enchantments.
   It lets you fly.
   It lets you blink.
Armour
 g - a +0 helmet (worn)
 k - a +2 pair of gloves (worn)
 r - a +0 pair of boots (worn)
 w - a +1 robe of magic resistance (worn)
 y - the +3 ring mail "Qiet" {rN+ MR++ Regen+ Int-3}
   (You found it on level 6 of the Dungeon)

   It affects your intelligence (-3).
   It protects you from negative energy.
   It affects your resistance to hostile enchantments.
   It increases your rate of regeneration.
Magical Staves
 f - an uncursed staff of summoning {unknown}
Jewellery
 d - an amulet of regeneration (around neck)
 m - an uncursed ring of poison resistance
 H - a +5 ring of dexterity (right hand)
 L - a ring of protection from fire (left hand)
Wands
 n - a wand of lightning (6/15)
 p - a wand of paralysis (7/24)
 s - a wand of lightning (9/15)
 z - a wand of digging (24/24)
 F - a wand of iceblast (8/15)
 P - a wand of random effects (18/48)
 Q - a wand of acid (11/15)
Scrolls
 a - 3 scrolls of amnesia
 h - 2 scrolls of enchant weapon
 q - 3 scrolls of remove curse
 t - 2 scrolls of identify
 A - a scroll of enchant armour
 M - a scroll of magic mapping
Potions
 e - a potion of agility
 i - 2 potions of cure mutation
 j - a potion of magic
 o - a potion of resistance
 u - 2 potions of heal wounds
 C - 2 potions of curing
 E - 2 potions of brilliance
 I - a potion of haste
 N - a potion of flight
Books
 b - a book of Callings

   Spells                             Type                      Level
   a - Summon Small Mammal            Summoning                    1
   b - Call Imp                       Summoning                    2
   c - Call Canine Familiar           Summoning                    3
   d - Summon Guardian Golem          Hexes/Summoning              3
   e - Summon Lightning Spire         Summoning/Air                4
   f - Summon Ice Beast               Ice/Summoning                4
 D - a book of Alchemy

   Spells                             Type                      Level
   a - Sublimation of Blood           Necromancy                   2
   b - Ignite Poison                  Fire/Transmutation/Poison    3
   c - Petrify                        Transmutation/Earth          4
   d - Alistair's Intoxication        Transmutation/Poison         5
   e - Irradiate                      Conjuration/Transmutation    5
 G - a book of Geomancy

   Spells                             Type                      Level
   a - Sandblast                      Earth                        1
   b - Passwall                       Transmutation/Earth          2
   c - Stone Arrow                    Conjuration/Earth            3
   d - Petrify                        Transmutation/Earth          4
   e - Lee's Rapid Deconstruction     Earth                        5
Comestibles
 c - 11 bread rations
 v - 4 meat rations
 x - 3 chunks of flesh


   Skills:
 + Level 0.2(0.0) Staves
 - Level 2.4(1.3) Dodging
 - Level 2.4(1.3) Stealth
 + Level 12.0(10.6) Spellcasting
 * Level 13.9(12.4) Summonings
 - Level 1.0(0.0) Ice Magic


You had 20 spell levels left.
You knew the following spells:

 Your Spells              Type           Power        Failure   Level  Hunger
b - Call Imp              Summ           #######.     1%          2    None
c - Summon Guardian Gole  Hex/Summ       ######..     1%          3    None
d - Summon Lightning Spi  Summ/Air       ######..     2%          4    None
e - Summon Ice Beast      Ice/Summ       ######..     2%          4    None


Dungeon Overview and Level Annotations

Branches:
Dungeon (10/15)            Temple (1/1) D:6            Lair (1/8) D:8
    Orc: D:9-12

Altars:
Ashenzari
Cheibriados
Dithmenos
Elyvilon
Fedhas
Gozag
Kikubaaqudgha
Makhleb
Nemelex Xobeh
Okawaru
Pakellas
Qazlal
Ru
Sif Muna
Trog
Vehumet
Xom
Yredelemnul
Zin
The Shining One

Annotations:
IceCv Malvoorn's ghost, journeyman DrWz


Innate Abilities, Weirdness & Mutations

You are partially covered in molten scales (AC +1).
You are partially covered in rugged brown scales (AC +1, +3% HP).
You can translocate small distances at will.
Your muscles are strong. (Str +2)
You expend magic power (3 MP) to strengthen your wands.


Message History

Malvoorn's ghost completely misses you.
Your ice beast hits Malvoorn's ghost but does no damage.
The yak gores your ice beast.
You sock the yak!
You kill the yak!
Your ice beast closely misses the yak.
Malvoorn's ghost hits you.
* * * LOW HITPOINT WARNING * * *
Malvoorn's ghost freezes you.
* * * LOW HITPOINT WARNING * * *
Your ice beast barely misses Malvoorn's ghost.
Drink which item? (? for menu, Esc to quit)
You feel much better. The yak gores your ice beast.
Your ice beast hits the yak.
Your ice beast freezes the yak!
Malvoorn's ghost hits you! Malvoorn's ghost freezes you.
Your ice beast hits Malvoorn's ghost but does no damage.
Your ice beast hits the yak.
Your ice beast freezes the yak!
Malvoorn's ghost breathes negative energy at you.
The bolt of negative energy hits you!
You feel drained.
Ouch! That really hurt!
You die...

#### ##
##..##
##..##....##
#....Y8†.@.#
.....YYW†∩.#
..##.......#
###....##
##..## ####


You could see a yak, Malvoorn's ghost, 2 friendly ice beasts and a friendly
lightning spire.

Vanquished Creatures
  A spriggan (D:8)
  A yak (IceCv)
  A soldier ant (D:9)
  A water moccasin (D:5)
  4 ice beasts
  A wolf (IceCv)
  A giant frog (D:6)
  An elf skeleton (D:7)
  A killer bee (D:7)
  A crimson imp (D:6)
  A human zombie (Ossuary)
  2 hounds (D:8)
  A quasit (D:4)
  A giant frog skeleton (D:8)
  2 orc wizards
  5 adders
  An adder zombie (D:8)
  2 worms
  4 orcs
  3 bats (D:1)
  3 goblins
  A hobgoblin (D:3)
  4 jackals (D:3)
  A ball python (D:3)
  2 giant newts
  3 kobolds
  A kobold zombie (Ossuary)
  6 rats
56 creatures vanquished.

Vanquished Creatures (collateral kills)
  2 hill giants
  Pikel (D:6)
  Joseph (D:9)
  A tengu conjurer (D:9)
  3 trolls
  The ghost of greenice the Carver, an amateur MiFi (D:4)
  Sigmund (D:4)
  Eustachio (D:4)
  A yak (IceCv)
  3 hippogriffs
  A water moccasin (Lair:1)
  10 ice beasts
  7 orc warriors
  2 phantoms
  2 wolves
  2 ogres
  4 giant frogs
  3 elf skeletons (D:7)
  2 scorpions (D:7)
  3 killer bees (D:7)
  6 howler monkeys
  2 electric eels (D:8)
  3 crimson imps
  3 lava snakes (D:9)
  2 centaur zombies (Ossuary)
  A human zombie (Ossuary)
  A quasit (D:5)
  3 jellies
  2 centaur skeletons
  7 orc priests
  8 hounds
  10 orc wizards
  2 human skeletons (D:7)
  3 iguanas
  6 worker ants
  2 hound zombies
  4 mummies (Ossuary)
  Robin (D:4)
  9 adders
  A shadow imp (D:6)
  2 adder skeletons
  A worm (D:2)
  A dart slug (D:3)
  5 giant geckos
  30 orcs
  2 ball pythons
  4 giant cockroaches
  11 goblins
  5 hobgoblins
  15 jackals
  3 kobolds
  6 quokkas
  A bat (D:1)
  7 giant newts
  A goblin zombie (Ossuary)
  A jackal skeleton (D:8)
  A kobold zombie (Ossuary)
  An orc zombie (Ossuary)
  A quokka skeleton (D:6)
  2 rats
227 creatures vanquished.

Vanquished Creatures (others)
  A giant cockroach (D:6)
1 creature vanquished.

Grand Total: 284 creatures vanquished

Notes
Turn   | Place    | Note
--------------------------------------------------------------
     0 | D:1      | matakusis the Deep Elf Summoner began the quest for the Orb.
     0 | D:1      | Reached XP level 1. HP: 10/10 MP: 6/6
   346 | D:1      | Reached XP level 2. HP: 15/15 MP: 5/8
   351 | D:1      | Learned a level 2 spell: Call Imp
   472 | D:1      | Reached skill level 5 in Summonings
  1348 | D:2      | Reached XP level 3. HP: 19/19 MP: 5/10
  1357 | D:2      | Learned a level 3 spell: Summon Guardian Golem
  2019 | D:2      | Gained mutation: Scrolls take you a little longer to read. [potion of mutation]
  2019 | D:2      | Gained mutation: You are weak. (Str -2) [potion of mutation]
  2019 | D:2      | Gained mutation: Scrolls take you longer to read. [potion of mutation]
  2020 | D:2      | Gained mutation: You have an increased reservoir of magic (+10% MP). [potion of mutation]
  2020 | D:2      | Lost mutation: You have an increased reservoir of magic (+10% MP). [potion of mutation]
  2020 | D:2      | Gained mutation: Your system is resistant to poisons. [potion of mutation]
  2023 | D:2      | Lost mutation: Your system is resistant to poisons. [potion of cure mutation]
  2023 | D:2      | Lost mutation: Scrolls take you longer to read. [potion of cure mutation]
  2023 | D:2      | Lost mutation: You are weak. (Str -2) [potion of cure mutation]
  2023 | D:2      | Lost mutation: Scrolls take you a little longer to read. [potion of cure mutation]
  2130 | D:3      | Reached XP level 4. HP: 24/24 MP: 6/12
  2316 | D:3      | Learned a level 4 spell: Summon Lightning Spire
  2691 | D:4      | Noticed Robin
  2699 | D:4      | Killed Robin
  2707 | D:4      | Reached skill level 6 in Summonings
  2724 | D:4      | Noticed greenice's ghost (amateur MiFi)
  2757 | D:4      | Killed greenice's ghost
  2757 | D:4      | Reached skill level 5 in Spellcasting
  2757 | D:4      | Reached XP level 5. HP: 28/28 MP: 2/14
  2964 | D:4      | Found a bloodstained altar of Trog.
  3009 | D:4      | Reached XP level 6. HP: 19/32 MP: 12/16
  3011 | D:4      | Reached skill level 7 in Summonings
  3087 | D:4      | Learned a level 4 spell: Summon Ice Beast
  3087 | D:4      | Noticed Eustachio
  3137 | D:4      | Noticed Sigmund
  3144 | D:4      | Killed Sigmund
  3279 | D:4      | Killed Eustachio
  3587 | D:5      | Entered Level 5 of the Dungeon
  3609 | D:5      | Reached XP level 7. HP: 36/36 MP: 6/18
  3663 | D:5      | Reached skill level 8 in Summonings
  3715 | D:5      | Reached skill level 1 in Ice Magic
  4229 | D:5      | Got a twisted flail
  4230 | D:5      | Identified the cursed +2 flail "Fivaodupt" {venom, Str+3} (You found it on level 5 of the Dungeon)
  4525 | D:6      | Noticed a hill giant
  4856 | D:5      | Killed a hill giant
  4856 | D:5      | Reached skill level 9 in Summonings
  4856 | D:5      | Reached XP level 8. HP: 41/41 MP: 8/21
  5211 | D:6      | Found a staircase to the Ecumenical Temple.
  5219 | Temple   | Entered the Ecumenical Temple
  5227 | Temple   | Became a worshipper of Sif Muna the Loreminder
  5361 | D:6      | Got a warped ring mail
  5362 | D:6      | Identified the +3 ring mail "Qiet" {rN+ MR++ Regen+ Int-3} (You found it on level 6 of the Dungeon)
  5365 | D:6      | Noticed Pikel
  5371 | D:6      | Killed Pikel
  5371 | D:6      | Reached skill level 10 in Summonings
  5481 | D:6      | Found a basalt altar of Yredelemnul.
  5665 | D:6      | Found a snail-covered altar of Cheibriados.
  5716 | D:6      | Reached * piety under Sif Muna
  6203 | D:7      | Found a sand-covered staircase.
  6222 | Ossuary  | Entered an ossuary
  6560 | Ossuary  | Gained mutation: Your muscles are strong. (Str +2) [potion of mutation]
  6560 | Ossuary  | Gained mutation: You expend magic power (3 MP) to strengthen your wands. [potion of mutation]
  6560 | Ossuary  | Gained mutation: You are partially covered in rugged brown scales (AC +1, +3% HP). [potion of mutation]
  6561 | Ossuary  | Gained mutation: You are partially covered in molten scales (AC +1). [potion of mutation]
  6561 | Ossuary  | Lost mutation: Your muscles are strong. (Str +2) [potion of mutation]
  6562 | Ossuary  | Gained mutation: You can translocate small distances at will. [potion of mutation]
  6563 | Ossuary  | Gained mutation: Your muscles are strong. (Str +2) [potion of mutation]
  6593 | D:7      | Reached skill level 11 in Summonings
  6708 | D:7      | Reached XP level 9. HP: 46/46 MP: 5/24
  7014 | D:7      | Found an oddly glowing altar of Pakellas.
  7278 | D:8      | Noticed a troll
  7289 | D:8      | Killed a troll
  7292 | D:8      | Reached ** piety under Sif Muna
  7316 | D:8      | Reached skill level 10 in Spellcasting
  7481 | D:8      | Found a staircase to the Lair.
  7919 | D:8      | Reached skill level 12 in Summonings
  8393 | D:9      | Reached *** piety under Sif Muna
  8396 | D:9      | Noticed a troll
  8415 | D:9      | Killed a troll
  8461 | D:9      | Got a polished quarterstaff
  8462 | D:9      | Identified the +10 quarterstaff of the Vaults {speed, -Tele rF+ MR- Int+7} (You found it on level 9 of the Dungeon)
  8510 | D:9      | Noticed a troll
  8518 | D:9      | Killed a troll
  8545 | D:9      | Noticed Joseph
  8561 | D:9      | Killed Joseph
  8561 | D:9      | Reached skill level 13 in Summonings
  8561 | D:9      | Reached XP level 10. HP: 33/51 MP: 2/27
  8775 | D:9      | Found a shimmering altar of Xom.
  8775 | D:9      | Found a bloodstained altar of Trog.
  8783 | D:9      | Found a glowing silver altar of Zin.
  8784 | D:9      | Found an iron altar of Okawaru.
  8785 | D:9      | Found a burning altar of Makhleb.
  8862 | D:9      | Got a faintly glowing hand crossbow
  8863 | D:9      | Identified the cursed +1 hand crossbow "Vimmaereu" {freeze, +Blink +Fly rC+ MR-} (You found it on level 9 of the Dungeon)
  8956 | D:9      | Noticed a hill giant
  8962 | D:9      | Killed a hill giant
  9087 | D:9      | Reached **** piety under Sif Muna
  9450 | D:10     | Entered Level 10 of the Dungeon
  9588 | D:9      | Noticed an iron golem
  9588 | D:9      | Noticed an iron golem
  9599 | D:9      | Noticed an iron golem
  9653 | D:9      | Noticed an iron golem
  9876 | Lair:1   | Entered Level 1 of the Lair of Beasts
  9888 | Lair:1   | Found a frozen archway.
 10032 | IceCv    | Entered an ice cave
 10032 | IceCv    | Noticed Malvoorn's ghost (journeyman DrWz)
 10056 | IceCv    | Killed from afar by Malvoorn's ghost

Skill      XL: |  1  2  3  4  5  6  7  8  9 10 |
---------------+-------------------------------+-----
Summonings     | 5 6 7 9 11 13 | 13.9
Spellcasting   | 4 5 6 7 9 11 12 | 12.0
Ice Magic      | 1 |  1.0
Staves         | |  0.2
Dodging        | |  2.4
Stealth        | |  2.4

Action                   |  1- 3 |  4- 6 |  7- 9 | 10-12 || total
-------------------------+-------+-------+-------+-------++-------
Melee: Spear             |    50 |    53 |   128 |       ||   231
       Quarterstaff      |       |       |     5 |    24 ||    29
 Cast: Summon Small Mamm |     9 |       |       |       ||     9
       Call Imp          |    22 |    15 |    13 |     3 ||    53
       Summon Lightning  |       |     7 |    55 |    20 ||    82
       Summon Guardian G |       |     3 |     3 |     1 ||     7
       Summon Ice Beast  |       |     5 |    57 |    27 ||    89
 Abil: Blink             |       |       |     1 |     3 ||     4
       Evoke Flight      |       |       |       |     1 ||     1
  Use: Scroll            |     9 |     3 |    11 |     3 ||    26
       Potion            |     6 |     1 |    11 |     5 ||    23
 Stab: Distracted        |     1 |       |     3 |     2 ||     6
       Sleeping          |     6 |     1 |       |       ||     7
  Eat: Chunk             |     4 |     7 |    15 |     3 ||    29
       Bread ration      |       |       |     1 |       ||     1
       Pizza             |       |       |     1 |       ||     1
       Beef jerky        |       |       |       |     1 ||     1
Armor: Robe              |     5 |    35 |    41 |    10 ||    91
Dodge: Dodged            |    13 |    77 |    72 |    24 ||   186
